HSSL
TEMISKAMING DISTRICT SECONDARY SCHOOL SAINTS @ ROCKY POINT HS EAGLES
05/11/2024
 
TOP OF THE 1ST
Temiskaming District Secondary School Saints batting - Pitching for Rocky Point HS Eagles : RHP Jason Carrière
Pitching: RHP Jason Carrière
Batting: RHB George Gardner 0-0: Called Strike
0-1: Ball
1-1: Swinging Strike
1-2: Ball
2-2: Ground out 5-3 (Groundball, 5L)
Batting: RHB Bob Ferguson 0-0: Ball
1-0: Foul Ball, location: 2F
1-1: Foul Ball, location: 2F
1-2: Foul Ball, location: 2F
1-2: Foul Ball, location: 2F
1-2: Strikes out swinging
Batting: RHB Fred Moulds 0-0: SINGLE (Groundball, 34D)
Batting: RHB Orlando González 0-0: Called Strike
0-1: Called Strike
0-2: Ball
1-2: Ball
2-2: Ball
3-2: Strikes out swinging
Top of the 1st over - 0 run(s), 1 hit(s), 0 error(s), 1 left on base; Temiskaming District Secondary School 0 - Rocky Point HS 0
BOTTOM OF THE 1ST
Rocky Point HS Eagles batting - Pitching for Temiskaming District Secondary School Saints : RHP Claude Cunningham
Pitching: RHP Claude Cunningham
Batting: LHB Arthur López 0-0: Foul Ball, location: 2F
0-1: Swinging Strike
0-2: Ball
1-2: Strikes out swinging
Batting: LHB Will Robinson 0-0: Ball
1-0: Foul Ball, location: 2F
1-1: Swinging Strike
1-2: Ball
2-2: Foul Ball, location: 2F
2-2: SINGLE (Flyball, 7LM)
Batting: LHB Michael Barrett 0-0: Called Strike
0-1: Foul Ball, location: 2F
0-2: Fly out, F7 (Flyball, 7D)
Batting: RHB Cy Rowland 0-0: Called Strike
0-1: Ball
1-1: Foul Ball, location: 2F
1-2: Strikes out swinging
Bottom of the 1st over - 0 run(s), 1 hit(s), 0 error(s), 1 left on base; Temiskaming District Secondary School 0 - Rocky Point HS 0
TOP OF THE 2ND
Temiskaming District Secondary School Saints batting - Pitching for Rocky Point HS Eagles : RHP Jason Carrière
Batting: RHB Juan Encarnación 0-0: Swinging Strike
0-1: Ball
1-1: Fly out, F7 (Flyball, 78M)
Batting: RHB Víctor Pérez 0-0: Called Strike
0-1: Foul Ball, location: 2F
0-2: SINGLE (Groundball, 13) (infield hit)
Batting: RHB Glen French 0-0: SINGLE (Line Drive, 4MD)
Víctor Pérez to second
Batting: LHB Mike O'Bryan 0-0: Swinging Strike
0-1: Ball
1-1: SINGLE (Line Drive, 6M)
Víctor Pérez to third
Glen French to second
Runner from 3rd tries for Home, SAFE, no throw or cutoff
Batting: SHB Stanley Ryan 0-0: Ball
Glen French steals 3rd base
Mike O'Bryan to second
1-0: Foul Ball, location: 2F
1-1: Ball
2-1: Called Strike
2-2: Ball
3-2: Base on Balls
Batting: RHB George Gardner 0-0: Ball
1-0: Called Strike
1-1: Foul Ball, location: 2F
1-2: Ball
2-2: Reached on Error, E8 (Flyball, 8LM)
Glen French scores
Mike O'Bryan to third
Stanley Ryan to second
Batting: RHB Bob Ferguson 0-0: Called Strike
0-1: Ball
1-1: Ball
2-1: Ball
3-1: Base on Balls
Mike O'Bryan scores
Stanley Ryan to third
George Gardner to second
Batting: RHB Fred Moulds 0-0: Swinging Strike
0-1: Foul Ball, location: 2F
0-2: Ball
1-2: GRAND SLAM HOME RUN (Flyball, 89XD), Distance : 429 ft
Batting: RHB Orlando González 0-0: Ball
1-0: Fly out, F8 (Flyball, 8RS)
Batting: RHB Juan Encarnación 0-0: Ball
1-0: Ground out 5-3 (Groundball, 56S)
Top of the 2nd over - 7 run(s), 4 hit(s), 1 error(s), 0 left on base; Temiskaming District Secondary School 7 - Rocky Point HS 0
BOTTOM OF THE 2ND
Rocky Point HS Eagles batting - Pitching for Temiskaming District Secondary School Saints : RHP Claude Cunningham
Batting: SHB Jean-François St-Amant 0-0: Ball
1-0: Called Strike
1-1: Ball
2-1: Called Strike
2-2: Ball
3-2: Strikes out swinging
Batting: RHB Jim Sharry 0-0: Ball
1-0: Ball
2-0: Ground out 6-3 (Groundball, 56)
Batting: SHB Ralph Marshall 0-0: Ball
1-0: Ball
2-0: Ball
3-0: Base on Balls
Batting: LHB Tom York 0-0: Swinging Strike
0-1: Ball
1-1: Ground out 4-3 (Groundball, 4)
Bottom of the 2nd over - 0 run(s), 0 hit(s), 0 error(s), 1 left on base; Temiskaming District Secondary School 7 - Rocky Point HS 0
TOP OF THE 3RD
Temiskaming District Secondary School Saints batting - Pitching for Rocky Point HS Eagles : RHP Jason Carrière
Batting: RHB Víctor Pérez 0-0: Called Strike
0-1: Ball
1-1: Reached on error, E1 (Groundball, 13)
Batting: RHB Glen French 0-0: Fly out, F2 (Popup, 2RF)
Batting: LHB Mike O'Bryan 0-0: Swinging Strike
0-1: Ball
1-1: Swinging Strike
1-2: Ball
2-2: Strikes out swinging
Batting: SHB Stanley Ryan 0-0: Ball
1-0: Called Strike
1-1: Ball
2-1: Foul Ball, location: 2F
2-2: Foul Ball, location: 2F
2-2: Foul Ball, location: 2F
2-2: Foul Ball, location: 2F
2-2: Foul Ball, location: 2F
2-2: Ball
3-2: Base on Balls
Batting: RHB George Gardner 0-0: Fly out, F6 (Line Drive, 6)
Top of the 3rd over - 0 run(s), 0 hit(s), 1 error(s), 2 left on base; Temiskaming District Secondary School 7 - Rocky Point HS 0
BOTTOM OF THE 3RD
Rocky Point HS Eagles batting - Pitching for Temiskaming District Secondary School Saints : RHP Claude Cunningham
Batting: RHB Bill Bourland 0-0: Ball
1-0: Foul Ball, location: 2F
1-1: SINGLE (Line Drive, 4MD)
Batting: LHB Arthur López 0-0: Ball
1-0: Called Strike
1-1: Ball
2-1: Grounds into double play, U6-3 (Groundball, 6M)
Batting: LHB Will Robinson 0-0: Foul Ball, location: 2F
0-1: Ball
1-1: Foul Ball, location: 2F
1-2: Ground out 4-3 (Groundball, 4)
Bottom of the 3rd over - 0 run(s), 1 hit(s), 0 error(s), 0 left on base; Temiskaming District Secondary School 7 - Rocky Point HS 0
TOP OF THE 4TH
Temiskaming District Secondary School Saints batting - Pitching for Rocky Point HS Eagles : RHP Jason Carrière
Batting: RHB Bob Ferguson 0-0: Ball
1-0: Ball
2-0: Called Strike
2-1: Ball
3-1: Base on Balls
Batting: RHB Fred Moulds 0-0: Ball
1-0: Ball
2-0: Called Strike
2-1: Swinging Strike
2-2: Foul Ball, location: 2F
2-2: Strikes out swinging
Pitching: RHP Tracy Key
Batting: RHB Orlando González 0-0: Swinging Strike
0-1: Ball
1-1: Foul Ball, location: 2F
1-2: Foul Ball, location: 2F
1-2: Ball
2-2: Ball
3-2: Foul Ball, location: 2F
3-2: Foul Ball, location: 2F
3-2: Foul Ball, location: 2F
3-2: Base on Balls
Bob Ferguson to second
Batting: RHB Juan Encarnación 0-0: Ball
1-0: Fly out, F3 (Popup, 3SF)
Batting: RHB Víctor Pérez 0-0: Called Strike
0-1: Ball
1-1: Ball
2-1: Fly out, F8 (Flyball, 8RM)
Top of the 4th over - 0 run(s), 0 hit(s), 0 error(s), 2 left on base; Temiskaming District Secondary School 7 - Rocky Point HS 0
BOTTOM OF THE 4TH
Rocky Point HS Eagles batting - Pitching for Temiskaming District Secondary School Saints : RHP Claude Cunningham
Batting: LHB Michael Barrett 0-0: Called Strike
0-1: Ball
1-1: Foul Ball, location: 2F
1-2: Strikes out swinging
Batting: RHB Cy Rowland 0-0: Ball
1-0: Ball
2-0: Called Strike
2-1: Called Strike
2-2: Foul Ball, location: 2F
2-2: Ball
3-2: Foul Ball, location: 2F
3-2: Foul Ball, location: 2F
3-2: Base on Balls
Batting: SHB Jean-François St-Amant 0-0: Ball
1-0: Called Strike
1-1: Ball
2-1: Foul Ball, location: 2F
2-2: Foul Ball, location: 2F
2-2: Foul Ball, location: 2F
2-2: Ball
3-2: Reached on error, E6 (Groundball, 6M)
Cy Rowland to second
Batting: RHB Jim Sharry 0-0: Called Strike
0-1: Called Strike
0-2: Foul Ball, location: 2F
0-2: Fly out, F8 (Flyball, 8LM)
Batting: SHB Ralph Marshall 0-0: Called Strike
0-1: Ball
1-1: DOUBLE (Groundball, 3L)
Cy Rowland scores
Jean-François St-Amant to third
Runner from 3rd tries for Home, SAFE, no throw or cutoff
Batting: LHB Tom York 0-0: Foul Ball, location: 2F
0-1: Ground out 1-3 (Groundball, 13S)
Bottom of the 4th over - 2 run(s), 1 hit(s), 1 error(s), 1 left on base; Temiskaming District Secondary School 7 - Rocky Point HS 2
TOP OF THE 5TH
Temiskaming District Secondary School Saints batting - Pitching for Rocky Point HS Eagles : RHP Tracy Key
Batting: RHB Glen French 0-0: Ball
1-0: Called Strike
1-1: Swinging Strike
1-2: Strikes out swinging
Batting: LHB Mike O'Bryan 0-0: Swinging Strike
0-1: Ball
1-1: SINGLE (Line Drive, 9S)
Batting: SHB Stanley Ryan 0-0: Ball
1-0: SINGLE (Flyball, 78S)
Mike O'Bryan to second
Batting: RHB George Gardner 0-0: Foul Ball, location: 2F
0-1: SINGLE (Groundball, 6MD)
Mike O'Bryan to third
Stanley Ryan to second
Runner from 3rd tries for Home, SAFE, throw made home
Stanley Ryan to third
George Gardner to second
Batting: RHB Bob Ferguson 0-0: Ball
1-0: Called Strike
1-1: Ball
2-1: Ball
3-1: Fly out, F9 (Flyball, 9M)
Runner from 3rd tags up, SCORES, throw made
Batting: RHB Fred Moulds 0-0: Ball
1-0: Called Strike
1-1: Foul Ball, location: 2F
1-2: Ball
2-2: SINGLE (Line Drive, 6MD)
George Gardner to third
Runner from 3rd tries for Home, throw and OUT!
Top of the 5th over - 2 run(s), 4 hit(s), 0 error(s), 1 left on base; Temiskaming District Secondary School 9 - Rocky Point HS 2
BOTTOM OF THE 5TH
Rocky Point HS Eagles batting - Pitching for Temiskaming District Secondary School Saints : RHP Claude Cunningham
Batting: RHB Bill Bourland 0-0: Called Strike
0-1: Ball
1-1: Fly out, F9 (Popup, 9S)
Batting: LHB Arthur López 0-0: Ball
1-0: Foul Ball, location: 2F
1-1: Ball
2-1: Swinging Strike
2-2: Ball
3-2: Foul Ball, location: 2F
3-2: Strikes out swinging
Batting: LHB Will Robinson 0-0: Ball
1-0: Fly out, F8 (Flyball, 8LS)
Bottom of the 5th over - 0 run(s), 0 hit(s), 0 error(s), 0 left on base; Temiskaming District Secondary School 9 - Rocky Point HS 2
TOP OF THE 6TH
Temiskaming District Secondary School Saints batting - Pitching for Rocky Point HS Eagles : RHP Tracy Key
Batting: RHB Orlando González 0-0: Ball
1-0: Foul Ball, location: 2F
1-1: Foul Ball, location: 2F
1-2: Ball
2-2: SINGLE (Popup, 56S)
Batting: RHB Juan Encarnación 0-0: Called Strike
0-1: Called Strike
0-2: Strikes out swinging
Batting: RHB Víctor Pérez 0-0: Ball
1-0: Ground out 1-3 (Groundball, 2L)
Orlando González to second
Batting: RHB Glen French 0-0: Called Strike
0-1: Ball
Passed Ball!
Orlando González to third
1-1: Called Strike
1-2: Foul Ball, location: 2F
1-2: Foul Ball, location: 2F
1-2: Ball
2-2: Foul Ball, location: 2F
2-2: Ball
3-2: Base on Balls
Batting: LHB Mike O'Bryan 0-0: Swinging Strike
0-1: Ball
1-1: Ball
2-1: Reached on error, E4 (Groundball, 13)
Orlando González scores
Glen French to second
Batting: SHB Stanley Ryan 0-0: Ball
1-0: Ball
2-0: Ball
3-0: Called Strike
3-1: Foul Ball, location: 2F
3-2: Strikes out swinging
Top of the 6th over - 1 run(s), 1 hit(s), 1 error(s), 2 left on base; Temiskaming District Secondary School 10 - Rocky Point HS 2
BOTTOM OF THE 6TH
Rocky Point HS Eagles batting - Pitching for Temiskaming District Secondary School Saints : RHP Claude Cunningham
Pitching: RHP Pedro Gallegos
Batting: LHB Michael Barrett 0-0: Foul Ball, location: 2F
0-1: Called Strike
0-2: Strikes out looking
Batting: RHB Cy Rowland 0-0: Foul Ball, location: 2F
0-1: Fly out, F5 (Popup, 25F)
Batting: SHB Jean-François St-Amant 0-0: Ball
1-0: Swinging Strike
1-1: Ball
2-1: Swinging Strike
2-2: SINGLE (Groundball, 34)
Batting: RHB Jim Sharry 0-0: Called Strike
0-1: Swinging Strike
0-2: Ball
1-2: Ground out U3 (Groundball, 3S)
Bottom of the 6th over - 0 run(s), 1 hit(s), 0 error(s), 1 left on base; Temiskaming District Secondary School 10 - Rocky Point HS 2
TOP OF THE 7TH
Temiskaming District Secondary School Saints batting - Pitching for Rocky Point HS Eagles : RHP Tracy Key
Pitching: RHP Emílio Chavarría
Batting: RHB George Gardner 0-0: DOUBLE (Line Drive, 9LS)
Batting: RHB Bob Ferguson 0-0: Ball
1-0: Ball
2-0: Called Strike
2-1: Ball
3-1: Called Strike
3-2: Foul Ball, location: 2F
3-2: Base on Balls
Batting: RHB Fred Moulds 0-0: Called Strike
0-1: Foul Ball, location: 2F
0-2: Ball
1-2: Ball
2-2: Foul Ball, location: 2F
2-2: Ball
3-2: Foul Ball, location: 2F
3-2: Foul Ball, location: 2F
3-2: SINGLE (Line Drive, 7S)
George Gardner to third
Bob Ferguson to second
Runner from 3rd tries for Home, SAFE, throw made home
Bob Ferguson to third
Fred Moulds to second
Batting: RHB Orlando González 0-0: Called Strike
0-1: Called Strike
0-2: Foul Ball, location: 2F
0-2: Strikes out swinging
Batting: RHB Juan Encarnación 0-0: Ball
1-0: Ball
2-0: Called Strike
2-1: Fly out, F8 (Flyball, 8RM)
Runner from 3rd tags up, SCORES, throw made
Batting: RHB Víctor Pérez 0-0: Swinging Strike
0-1: Ball
1-1: Swinging Strike
1-2: Strikes out swinging
Top of the 7th over - 2 run(s), 2 hit(s), 0 error(s), 1 left on base; Temiskaming District Secondary School 12 - Rocky Point HS 2
BOTTOM OF THE 7TH
Rocky Point HS Eagles batting - Pitching for Temiskaming District Secondary School Saints : RHP Pedro Gallegos
Batting: SHB Ralph Marshall 0-0: Ball
1-0: Swinging Strike
1-1: Fly out, F3 (Popup, 3SF)
Batting: LHB Tom York 0-0: Called Strike
0-1: Foul Ball, location: 2F
0-2: Foul Ball, location: 2F
0-2: Strikes out swinging
Batting: RHB Bill Bourland 0-0: Ball
1-0: Ball
2-0: Called Strike
2-1: Foul Ball, location: 2F
2-2: Ground out 4-3 (Groundball, 4M)
Bottom of the 7th over - 0 run(s), 0 hit(s), 0 error(s), 0 left on base; Temiskaming District Secondary School 12 - Rocky Point HS 2
TOP OF THE 8TH
Temiskaming District Secondary School Saints batting - Pitching for Rocky Point HS Eagles : RHP Emílio Chavarría
Batting: RHB Glen French 0-0: Called Strike
0-1: Ball
1-1: Ball
2-1: Foul Ball, location: 2F
2-2: Strikes out swinging
Batting: LHB Mike O'Bryan 0-0: Foul Ball, location: 2F
0-1: Ball
1-1: Fly out, F9 (Flyball, 9S)
Batting: SHB Stanley Ryan 0-0: Ball
1-0: Foul Ball, location: 2F
1-1: Swinging Strike
1-2: Fly out, F6 (Line Drive, 6D)
Top of the 8th over - 0 run(s), 0 hit(s), 0 error(s), 0 left on base; Temiskaming District Secondary School 12 - Rocky Point HS 2
BOTTOM OF THE 8TH
Rocky Point HS Eagles batting - Pitching for Temiskaming District Secondary School Saints : RHP Pedro Gallegos
Pitching: LHP George Bolden
Now in CF: Jason Wheeler
Batting: LHB Arthur López 0-0: Foul Ball, location: 2F
0-1: Called Strike
0-2: Ball
1-2: Foul Ball, location: 2F
1-2: Fly out, F8 (Flyball, 8RM)
Batting: LHB Will Robinson 0-0: Called Strike
0-1: Called Strike
0-2: Ball
1-2: Fly out, F8 (Popup, 8LS)
Batting: LHB Michael Barrett 0-0: Called Strike
0-1: SINGLE (Line Drive, 6)
Batting: RHB Cy Rowland 0-0: Called Strike
0-1: Called Strike
0-2: Ball
1-2: Ball
2-2: Foul Ball, location: 2F
2-2: Foul Ball, location: 2F
2-2: Strikes out swinging
Bottom of the 8th over - 0 run(s), 1 hit(s), 0 error(s), 1 left on base; Temiskaming District Secondary School 12 - Rocky Point HS 2
TOP OF THE 9TH
Temiskaming District Secondary School Saints batting - Pitching for Rocky Point HS Eagles : RHP Emílio Chavarría
Batting: RHB George Gardner 0-0: Foul Ball, location: 2F
0-1: Ball
1-1: Ball
2-1: Ball
3-1: Base on Balls
Batting: RHB Bob Ferguson 0-0: Ball
1-0: Sac Bunt - play at first, batter OUT! 2-3
George Gardner to second
Batting: RHB Fred Moulds 0-0: Ball
1-0: Ball
2-0: Ball
3-0: Base on Balls
Pitching: RHP Walt Whittemore
Batting: RHB Orlando González 0-0: Ball
1-0: Called Strike
1-1: Ball
2-1: Foul Ball, location: 2F
2-2: Ball
3-2: SINGLE (Groundball, 56D)
George Gardner to third
Fred Moulds to second
Runner from 3rd tries for Home, SAFE, no throw or cutoff
Batting: RHB Juan Encarnación 0-0: Reached on error, E5 (Groundball, 5)
Fred Moulds to third
Orlando González to second
Batting: RHB Víctor Pérez 0-0: Foul Ball, location: 2F
0-1: Ball
1-1: Grounds into fielders choice 1-2 (Groundball, 15)
Orlando González to third
Juan Encarnación to second
Batting: RHB Glen French 0-0: Called Strike
0-1: Called Strike
0-2: Strikes out swinging
Top of the 9th over - 1 run(s), 1 hit(s), 1 error(s), 3 left on base; Temiskaming District Secondary School 13 - Rocky Point HS 2
BOTTOM OF THE 9TH
Rocky Point HS Eagles batting - Pitching for Temiskaming District Secondary School Saints : LHP George Bolden
Batting: SHB Jean-François St-Amant 0-0: Called Strike
0-1: Foul Ball, location: 2F
0-2: Strikes out swinging
Batting: RHB Jim Sharry 0-0: Ball
1-0: Foul Ball, location: 2F
1-1: Ball
2-1: Ball
3-1: Base on Balls
Batting: SHB Ralph Marshall 0-0: Called Strike
0-1: Ball
1-1: Ball
2-1: Ball
3-1: Fielders Choice at 2nd, 6-4 (Groundball, 6)
Batting: LHB Tom York 0-0: Ball
1-0: Called Strike
1-1: SINGLE (Line Drive, 89M)
Ralph Marshall to second
Batting: RHB Bill Bourland 0-0: Ball
1-0: SINGLE (Groundball, 56D) (infield hit)
Ralph Marshall to third
Tom York to second
Batting: LHB Arthur López 0-0: Foul Ball, location: 2F
0-1: Fly out, F8 (Flyball, 8LM)
Bottom of the 9th over - 0 run(s), 2 hit(s), 0 error(s), 3 left on base; Temiskaming District Secondary School 13 - Rocky Point HS 2
This league is powered by Out of the Park Baseball, the baseball management simulation game for PC, Mac and Linux
Saturday, April 9th, 2016 - OOTP Baseball 16.8 Build 38